Map: Automaton LE

Players

xxxxxxxxxx

  • Race: Protoss Protoss
  • League: Diamond
  • Spawn Location: 9:00

XOURCE - Winner!

  • Race: Zerg Zerg
  • League: Diamond
  • Spawn Location: 3:00

VOD

Have the link to the VOD?

Description

Time

  • Played on: April 13, 2019, 6:56 a.m.
  • Length: 15:24
Show
View Real Time Build Order
Export as new Build Order

xxxxxxxxxx Protoss 

Build Orders: 1 Gate Expand, Oracle Opening 

Get SALT Encoding   

  12  0:01  Probe  
  13  0:13  Probe  
  14  0:21  Pylon  
  14  0:25  Probe  
  15  0:39  Gateway  
  15  0:40  Probe  
  16  0:50  Probe  
  16  0:54  Assimilator  
  17  1:02  Probe  
  18  1:14  Probe  
  19  1:34  Nexus  
  19  1:38  Cybernetics Core  
  20  1:40  Probe  
  20  1:51  Pylon  
  20  1:54  Assimilator, Probe  
  21  2:06  Probe  
  22  2:16  Adept  
  24  2:33  Stargate  
  24  2:37  Probe  
  24  2:41  Gateway  
  24  2:43  Warp Gate  
  25  2:48  Shield Battery  
  25  2:58  Probe  
  25  2:59  Adept  
  25  3:03  Probe  
  29  3:06  Probe  
  29  3:11  Void Ray  
  30  3:17  Probe  
  30  3:18  Probe  
  36  3:30  Probe x2  
  38  3:42  Probe x2  
  38  3:44  Assimilator  
  38  3:47  Assimilator  
  40  3:49  Oracle  
  40  3:50  Pylon  
  40  3:54  Probe  
  40  3:55  Probe  
  43  4:22  Stargate  
  43  4:23  Probe x2, Pylon  
  45  4:34  Pylon  
  45  4:35  Probe  
  45  4:36  Void Ray, Probe  
  51  4:55  Probe x2  
  53  5:03  Probe x2  
  53  5:04  Shield Battery  
  53  5:11  Probe x2  
  57  5:36  Void Ray x2  
  66  5:50  Probe x2  
  67  5:57  Fleet Beacon  
  67  5:58  Stargate  
  67  6:06  Pylon  
  67  6:10  Pylon  
  67  6:15  Nexus  
  67  6:17  Pylon  
  67  6:24  Void Ray x2  
  75  6:42  Tempest  
  75  6:51  Forge  
  75  6:53  Gateway  
  80  6:55  Gateway  
  80  7:00  Pylon  
  80  7:05  Carrier  
  80  7:09  Protoss Air Weapons Level 1  
  86  7:33  Carrier  
  86  7:34  Nexus  
  86  7:37  Carrier  
  98  8:00  Probe x2  
  100  8:08  Probe x2  
  102  8:30  Carrier  
  102  8:37  Probe  
  102  8:38  Void Ray  
  85  8:49  Void Ray  
  93  9:08  Pylon  
  93  9:12  Photon Cannon, Assimilator  
  93  9:13  Photon Cannon, Assimilator  
  93  9:15  Photon Cannon  
  93  9:16  Stargate  
  93  9:17  Shield Battery  
  93  9:18  Pylon  
  93  9:21  Photon Cannon, Void Ray  
  93  9:23  Stalker x2  
  101  9:25  Photon Cannon  
  87  9:34  Void Ray  
  91  10:02  Nexus  
  91  10:04  Pylon  
  91  10:05  Pylon  
  91  10:11  Pylon  
  91  10:13  Pylon  
  91  10:22  Void Ray x2  
  91  10:24  Pylon  
  91  10:26  Pylon  
  91  10:27  Pylon  
  99  10:31  Pylon  
  99  10:34  Probe x2  
  101  10:46  Probe  
  102  10:56  Photon Cannon  
  102  10:57  Photon Cannon  
  102  11:00  Photon Cannon  
  102  11:02  Photon Cannon  
  102  11:07  Carrier  
  102  11:20  Probe x2  
  102  11:21  Photon Cannon  
  110  11:26  Void Ray  
  111  11:43  Void Ray  
  111  11:54  Void Ray  
  115  11:57  Protoss Air Weapons Level 2  
  113  12:28  Void Ray x3  
  123  12:45  Photon Cannon  
  92  13:18  Void Ray x3  
  92  13:19  Void Ray  
  108  13:21  Probe x3  
  111  13:33  Probe x3  
  114  13:35  Assimilator  
  114  13:37  Cybernetics Core  
  114  13:45  Probe x3  
  117  14:01  Void Ray  
  117  14:02  Tempest  
  126  14:08  Probe x2  
  136  14:35  Nexus  
Show
View Real Time Build Order
Export as new Build Order

XOURCE Zerg - Winner!

Build Orders: Hatch First, Brood Lord Corruptor 

Get SALT Encoding   

  12  0:01  Drone  
  13  0:12  Overlord  
  13  0:18  Drone  
  14  0:31  Drone x2  
  14  0:35  Drone  
  17  0:54  Hatchery  
  17  0:56  Drone  
  17  0:59  Drone  
  18  1:11  Extractor  
  17  1:15  Spawning Pool  
  16  1:18  Drone  
  16  1:21  Drone  
  18  1:32  Drone  
  19  1:39  Drone  
  20  1:50  Hatchery  
  20  1:54  Drone  
  20  2:01  Drone  
  20  2:06  Queen  
  23  2:09  Drone  
  24  2:16  Metabolic Boost  
  24  2:25  Drone x3  
  27  2:30  Overlord  
  27  2:48  Queen  
  29  2:52  Drone x4  
  29  2:57  Zergling x2  
  34  3:00  Zergling x2  
  34  3:04  Drone  
  36  3:11  Drone x2  
  38  3:16  Queen  
  38  3:17  Queen  
  42  3:20  Overlord  
  42  3:24  Overlord  
  42  3:32  Overlord  
  42  3:37  Lair  
  42  3:38  Zergling x10  
  47  3:48  Drone  
  47  3:49  Drone x5  
  53  4:05  Spore Crawler  
  53  4:08  Spore Crawler  
  50  4:11  Spore Crawler  
  50  4:16  Queen x2  
  53  4:42  Extractor  
  53  4:44  Extractor  
  51  4:52  Spire  
  50  4:59  Queen  
  50  5:04  Overlord  
  52  5:14  Drone x6  
  58  5:24  Overlord x3  
  58  5:35  Overlord x2  
  58  5:46  Overlord  
  58  5:50  Drone  
  58  5:51  Drone x3  
  58  5:53  Drone  
  58  5:54  Drone x10  
  73  6:01  Drone x3  
  73  6:03  Evolution Chamber, Overlord  
  75  6:05  Evolution Chamber  
  74  6:22  Drone  
  74  6:23  Drone x5  
  80  6:35  Hatchery  
  80  6:39  Zergling x28, Extractor x2  
  90  6:52  Drone x3  
  93  6:56  Zergling x2  
  93  6:57  Zergling x6  
  97  7:04  Zerg Flyer Weapons Level 1  
  97  7:07  Overlord x3  
  95  7:25  Drone x3  
  89  7:32  Corruptor x9  
  104  7:46  Drone x3  
  104  7:47  Extractor  
  104  7:48  Overlord  
  104  7:49  Overlord  
  106  7:53  Corruptor x4  
  114  8:05  Corruptor x3  
  120  8:25  Drone x7  
  120  8:26  Drone x4, Corruptor x3  
  132  8:41  Zergling x16  
  132  8:42  Zergling x2  
  136  8:52  Zergling x2  
  136  8:53  Zergling x14  
  143  9:09  Extractor  
  138  9:29  Zergling x2  
  138  9:30  Zergling x16  
  143  9:35  Overlord  
  143  9:36  Overlord x3  
  141  9:47  Corruptor  
  143  9:57  Extractor  
  142  10:00  Corruptor x10  
  142  10:06  Zerg Melee Weapons Level 1  
  142  10:07  Zerg Ground Armor Level 1  
  162  10:11  Hatchery  
  161  10:23  Corruptor x2  
  161  10:24  Corruptor x5  
  175  10:32  Infestation Pit  
  174  10:36  Hatchery  
  172  10:57  Corruptor  
  172  10:58  Overlord x2  
  172  10:59  Overlord x2  
  172  11:02  Zerg Flyer Weapons Level 2  
  174  11:07  Spire  
  173  11:13  Hive  
  173  11:17  Drone x3  
  176  11:18  Overlord  
  176  11:19  Drone x3  
  176  11:20  Drone  
  180  11:54  Corruptor x9  
  180  12:01  Hatchery  
  195  12:35  Greater Spire  
  195  12:41  Viper x2  
  172  13:14  Corruptor x3  
  172  13:15  Corruptor  
  180  13:49  Brood Lord x2  
  180  13:50  Brood Lord x4  
  180  13:51  Brood Lord  
  194  13:56  Queen  
  194  14:00  Viper  
  199  14:22  Overseer x3  
Tags
 
Add a new tag
Caveats
  • Supply blocks, unpowered buildings, or Contaminate may cause inaccurate times.
  • Supply counts are checked every 10 seconds.